[Event "WYCC 2018 G14"]
[Site "Halkidiki"]
[Date "2018.10.27"]
[Round "8"]
[White "Sim, Jia Ru"]
[Black "Dimitrijevic, Andjela"]
[Result "1-0"]
[ECO "B50"]
[WhiteElo "1979"]
[BlackElo "1744"]
[Annotator "NA"]
[PlyCount "101"]
[EventDate "2018.10.20"]
[EventType "swiss"]
[EventCountry "GRE"]
[SourceTitle "playchess.com"]
[Source "ChessBase"]
[SourceQuality "1"]
[TimeControl "40/5400+30:1800+30"]

1. e4 c5 2. Nf3 d6 3. c3 Nf6 4. Be2 g6 5. O-O Bg7 6. Bb5+ Nc6 7. d4 Qb6 8. a4 cxd4 9. cxd4 a6 10. Bxc6+ Qxc6 11. d5 Qc7 12. Nc3 Bg4 13. h3 Bxf3 14. Qxf3 Nd7 15. Bf4 O-O 16. Rfc1 Rfc8 17. Qe2 Ne5 18. Bxe5 Bxe5 19. Qd2 Qa5 20. Ra3 Rc4 21. f3 Bxc3 22. Raxc3 Rxa4 23. Kh2 Rc4 24. Qg5 Rxc3 25. Rxc3 Qd8 26. f4 Qd7 27. f5 Kg7 28. Rf3 f6 29. Qg3 g5 30. h4 h6 31. Qg4 Rh8 32. Qg3 Kf7 33. Qh3 Kg7 34. Rg3 Qc7 35. Rc3 Qd7 36. Qg3 Kf7 37. Qh3 Kg7 38. Qg3 Qd8 39. Qf3 Qd7 40. Qh5 Qd8 41. Qg6+ Kf8 42. Rh3 Qb6 43. hxg5 fxg5 44. f6 exf6 45. Qxf6+ Kg8 46. Qg6+ Kf8 47. Rf3+ Ke7 48. Qg7+ Kd8 49. Qxh8+ Ke7 50. Qg7+ Ke8 51. Rf8# 1-0

[Event "WYCC 2018 G14"]
[Site "Halkidiki"]
[Date "2018.10.27"]
[Round "8"]
[White "Hrebenshchykova, Yelyzaveta"]
[Black "Kostina, Veronika"]
[Result "1-0"]
[ECO "C07"]
[WhiteElo "1968"]
[BlackElo "1700"]
[Annotator "NA"]
[PlyCount "69"]
[EventDate "2018.10.20"]
[EventType "swiss"]
[EventCountry "GRE"]
[SourceTitle "playchess.com"]
[Source "ChessBase"]
[SourceQuality "1"]
[TimeControl "40/5400+30:1800+30"]

1. e4 e6 2. d4 d5 3. Nd2 c5 4. exd5 Qxd5 5. Ngf3 cxd4 6. Bc4 Qd6 7. O-O Nf6 8. Nb3 Nc6 9. Nbxd4 Nxd4 10. Nxd4 a6 11. b3 Qc7 12. Bb2 $11 Bd7 13. Qe2 O-O-O 14. Nf3 Bd6 15. Ne5 Be8 16. Rad1 Qa5 17. a3 Rf8 18. b4 Qc7 19. Rd3 Bxe5 20. Bxe5 Qc6 21. Rc3 Rd7 22. Bb3 Qxc3 23. Bxc3 Rd8 24. Be5 Bb5 25. Bc4 Bc6 26. b5 axb5 27. Bxb5 Bd5 28. Qe3 Ng4 29. Qc5+ Bc6 30. Bxc6 Nxe5 31. Be4+ Nc6 32. Bxc6 bxc6 33. Qxc6+ Kb8 34. Rb1+ Ka7 35. Qb7# 1-0

[Event "WYCC 2018 G14"]
[Site "Halkidiki"]
[Date "2018.10.27"]
[Round "8"]
[White "Lehaci, Miruna-Daria"]
[Black "Kumar, Arya"]
[Result "1-0"]
[ECO "B12"]
[WhiteElo "1933"]
[BlackElo "1619"]
[Annotator "NA"]
[PlyCount "63"]
[EventDate "2018.10.20"]
[EventType "swiss"]
[EventCountry "GRE"]
[SourceTitle "playchess.com"]
[Source "ChessBase"]
[SourceQuality "1"]
[TimeControl "40/5400+30:1800+30"]

1. e4 c6 2. d4 d5 3. e5 Bf5 4. c4 e6 5. Nc3 Ne7 6. a3 Nd7 7. c5 a5 8. Be3 b6 9. b4 axb4 10. axb4 Rxa1 11. Qxa1 bxc5 12. bxc5 f6 13. exf6 gxf6 14. Nge2 e5 15. Ng3 Bg6 16. Be2 h5 17. h4 Nf5 18. Nxf5 Bxf5 19. Qa6 Nb8 20. Qa4 Bg6 21. O-O Qd7 22. Qa8 Qd8 23. Na2 Bf5 24. Nb4 Bd7 25. Rb1 Be7 26. Nxd5 Kf7 27. Nxe7 Qxe7 28. Rxb8 Rxb8 29. Qxb8 exd4 30. Bxh5+ Kg7 31. Qg3+ Kh8 32. Bxd4 1-0

[Event "WYCC 2018 G14"]
[Site "Halkidiki"]
[Date "2018.10.27"]
[Round "8"]
[White "Kuhar, Larisa"]
[Black "Yedigaryan, Asya"]
[Result "1-0"]
[ECO "B54"]
[WhiteElo "1916"]
[BlackElo "1726"]
[Annotator "NA"]
[PlyCount "81"]
[EventDate "2018.10.20"]
[EventType "swiss"]
[EventCountry "GRE"]
[SourceTitle "playchess.com"]
[Source "ChessBase"]
[SourceQuality "1"]
[TimeControl "40/5400+30:1800+30"]

1. e4 c5 2. Nf3 d6 3. d4 cxd4 4. Nxd4 e6 5. Nc3 Ne7 6. Be2 Nec6 7. Be3 Be7 8. O-O Nxd4 9. Bxd4 O-O 10. f4 Nc6 11. Be3 a6 12. Bf3 Bf6 13. Na4 Rb8 14. Bb6 Qd7 15. c4 Bd8 16. Qd2 Bxb6+ 17. Nxb6 Qc7 18. Qf2 Nb4 19. Rfd1 Qc5 20. a3 Nc2 21. Qxc5 dxc5 22. Rac1 Nd4 23. b4 Nxf3+ 24. gxf3 cxb4 25. axb4 e5 26. Nxc8 Rfxc8 27. fxe5 Re8 28. Rd5 h6 29. Kf2 Re6 30. c5 g5 31. Rcd1 Rbe8 32. Rd7 R8e7 33. Rxe7 Rxe7 34. Ke3 Kg7 35. Rd6 Rc7 36. Kd4 h5 37. h3 Rc6 38. Kd5 Rc7 39. e6 Re7 40. Rd7 Rxe6 41. e5 1-0

[Event "WYCC 2018 G14"]
[Site "Halkidiki"]
[Date "2018.10.27"]
[Round "8"]
[White "Baiburina, Kamilla"]
[Black "Mironenko, Galina"]
[Result "1/2-1/2"]
[ECO "B27"]
[WhiteElo "1907"]
[BlackElo "2053"]
[Annotator "NA"]
[PlyCount "59"]
[EventDate "2018.10.20"]
[EventType "swiss"]
[EventCountry "GRE"]
[SourceTitle "playchess.com"]
[Source "ChessBase"]
[SourceQuality "1"]
[TimeControl "40/5400+30:1800+30"]

1. e4 c5 2. Nf3 g6 3. c3 Bg7 4. d4 cxd4 5. cxd4 d5 6. e5 Nh6 7. Be2 Bf5 8. O-O Nc6 9. a3 O-O 10. Nc3 Be4 11. Be3 Nf5 12. Qd2 Na5 13. Qd1 Nxe3 14. fxe3 Bh6 15. Kf2 e6 16. b4 Bxf3 17. gxf3 Rc8 18. Na4 Nc4 19. Bxc4 Rxc4 20. f4 Qh4+ 21. Kg2 g5 22. Qd2 Rfc8 23. Ra2 Qg4+ 24. Kh1 Qf5 25. Qg2 Rc2 26. Rxc2 Rxc2 27. fxg5 Rxg2 28. Rxf5 Rxg5 29. Rf3 Rg4 30. Nc5 1/2-1/2

[Event "WYCC 2018 G14"]
[Site "Halkidiki"]
[Date "2018.10.27"]
[Round "8"]
[White "Nguyen, Thien Ngan"]
[Black "Krasteva, Beloslava"]
[Result "0-1"]
[ECO "B84"]
[WhiteElo "1888"]
[BlackElo "2089"]
[Annotator "NA"]
[PlyCount "84"]
[EventDate "2018.10.20"]
[EventType "swiss"]
[EventCountry "GRE"]
[SourceTitle "playchess.com"]
[Source "ChessBase"]
[SourceQuality "1"]
[TimeControl "40/5400+30:1800+30"]

1. e4 c5 2. Nf3 d6 3. d4 cxd4 4. Nxd4 Nf6 5. Nc3 a6 6. Be2 e6 7. O-O Be7 8. a4 Qc7 9. Be3 b6 10. f4 O-O $11 {[%emt 0:02:01] LiveBook: 135 Games} 11. Bd3 Bb7 12. Kh1 Nbd7 13. Qe1 Nc5 14. Bg1 d5 15. e5 Nfe4 16. Bxe4 Nxe4 17. Nxe4 dxe4 18. Qg3 Rfd8 19. f5 Bd5 20. b3 b5 21. axb5 axb5 22. Rac1 b4 23. c4 bxc3 24. Rxc3 Qb7 25. Be3 Bf8 26. f6 g6 27. Qh3 Rdc8 28. Rxc8 Rxc8 29. Rf4 Qb4 30. Kg1 Rc3 31. Kf2 Rxe3 32. Qxe3 Bc5 33. Kg3 Bxd4 34. Rxe4 Bxe4 35. Qxe4 Qxb3+ 36. Kh4 Qd5 37. Qc2 Qc5 38. Qe4 Bxe5 39. Kh3 Bxf6 40. Qa8+ Kg7 41. Qe8 Qf5+ 42. g4 Qf3# 0-1

[Event "WYCC 2018 G14"]
[Site "Halkidiki"]
[Date "2018.10.27"]
[Round "8"]
[White "Lomaia, Diana"]
[Black "Hernandez Guerra, Luna Yue"]
[Result "1-0"]
[ECO "C03"]
[WhiteElo "1876"]
[BlackElo "1659"]
[Annotator "NA"]
[PlyCount "107"]
[EventDate "2018.10.20"]
[EventType "swiss"]
[EventCountry "GRE"]
[SourceTitle "playchess.com"]
[Source "ChessBase"]
[SourceQuality "1"]
[TimeControl "40/5400+30:1800+30"]

1. e4 e6 2. d4 d5 3. Nd2 Be7 4. Ngf3 Nf6 5. e5 Nfd7 6. Bd3 c5 7. c3 Nc6 8. Qe2 Qc7 9. O-O g5 10. Qe3 g4 11. Ne1 b6 12. Nc2 Bb7 13. f4 O-O-O 14. Kh1 Rdg8 15. Rb1 Bf8 16. f5 Ne7 17. Ne1 h5 18. fxe6 fxe6 19. Rf7 Bh6 20. Qg1 Qd8 21. Nf1 Qe8 22. Rf2 h4 23. Re2 h3 24. g3 Bg7 25. Bf4 Rh5 26. Nd2 a6 27. b4 c4 28. Bc2 b5 29. a4 Nc6 30. axb5 axb5 31. Qf2 Rf8 32. Qg1 Rhh8 33. Ra1 Kc7 34. Nb1 Qe7 35. Bg6 Ra8 36. Rxa8 Bxa8 37. Na3 Kb6 38. Qf2 Nf8 39. Bb1 Nh7 40. Bxh7 Rxh7 41. Kg1 Rh8 42. Ra2 Bb7 43. Qe2 Ra8 44. Nec2 Qf7 45. Qxg4 Rh8 46. Ne3 Bf8 47. Rf2 Qd7 48. Bg5 Bc8 49. Nac2 Qa7 50. Nxd5+ exd5 51. Qxc8 Bg7 52. Qe6 Qa2 53. Ne3 Bf8 54. Rxa2 1-0

[Event "WYCC 2018 G14"]
[Site "Halkidiki"]
[Date "2018.10.27"]
[Round "8"]
[White "Kasaeva, Sofiia"]
[Black "Tryggestad, Linnea Garberg"]
[Result "1/2-1/2"]
[ECO "B44"]
[WhiteElo "1874"]
[BlackElo "1604"]
[Annotator "NA"]
[PlyCount "85"]
[EventDate "2018.10.20"]
[EventType "swiss"]
[EventCountry "GRE"]
[SourceTitle "playchess.com"]
[Source "ChessBase"]
[SourceQuality "1"]
[TimeControl "40/5400+30:1800+30"]

1. e4 c5 2. Nf3 e6 3. d4 cxd4 4. Nxd4 Nc6 5. Nb5 d6 6. c4 a6 7. N5a3 Nf6 8. Nc3 Be7 9. Be2 O-O 10. O-O Qc7 11. Be3 Bd7 12. f4 Rfe8 13. Bf3 Bf8 14. Qd2 Rac8 15. Rac1 Ne7 16. Rfd1 Ng6 17. Qf2 Bc6 18. g3 Re7 19. b4 Ree8 20. Qb2 Red8 21. b5 axb5 22. cxb5 Be8 23. Nd5 Qb8 24. Rxc8 Qxc8 25. Rc1 Qa8 26. Nc7 Qb8 27. b6 Bc6 28. Qg2 d5 29. exd5 Bxd5 30. Nab5 Bxf3 31. Qxf3 Nd5 32. Nxd5 Rxd5 33. Nc7 Rd7 34. a4 Ne7 35. Bc5 Nc6 36. Bxf8 Qxf8 37. Qc3 Qd8 38. Qf3 Rd3 39. Qe4 Rd4 40. Qc2 Rd2 41. Qc4 Rd4 42. Qc2 Rd2 43. Qe4 1/2-1/2

[Event "WYCC 2018 G14"]
[Site "Halkidiki"]
[Date "2018.10.27"]
[Round "8"]
[White "Behzad Nazif, Parva"]
[Black "Figueroa Bernal, Julia Dennis"]
[Result "1-0"]
[ECO "D11"]
[WhiteElo "1859"]
[BlackElo "1650"]
[Annotator "NA"]
[PlyCount "73"]
[EventDate "2018.10.20"]
[EventType "swiss"]
[EventCountry "GRE"]
[SourceTitle "playchess.com"]
[Source "ChessBase"]
[SourceQuality "1"]
[TimeControl "40/5400+30:1800+30"]

1. d4 d5 2. c4 c6 3. Nf3 Nf6 4. e3 a6 5. Bd3 b5 6. b3 Bg4 7. O-O Nbd7 8. Bb2 e6 9. Nbd2 Bb4 10. Qc2 O-O 11. Ne5 Bxd2 12. Nxg4 Nxg4 13. Qxd2 f5 14. f3 Ngf6 15. Qc2 Rc8 16. e4 g6 17. Qe2 Nh5 18. Qd2 Ndf6 19. Ba3 dxe4 20. Bc2 c5 21. fxe4 fxe4 22. Rad1 b4 23. Bb2 Qc7 24. Qg5 Kg7 25. dxc5 h6 26. Qe5 Qxe5 27. Bxe5 Kg8 28. Bd6 Rf7 29. Rfe1 Ng7 30. Bxe4 Nxe4 31. Rxe4 a5 32. Rf1 Rd7 33. Rf6 Kh7 34. Ref4 e5 35. Re4 Ne8 36. Re6 Nxd6 37. cxd6 1-0

[Event "WYCC 2018 G14"]
[Site "Halkidiki"]
[Date "2018.10.27"]
[Round "8"]
[White "Velea, Anne-Marie"]
[Black "Alimova, Sevinch"]
[Result "1-0"]
[ECO "B44"]
[WhiteElo "1859"]
[BlackElo "1596"]
[Annotator "NA"]
[PlyCount "121"]
[EventDate "2018.10.20"]
[EventType "swiss"]
[EventCountry "GRE"]
[SourceTitle "playchess.com"]
[Source "ChessBase"]
[SourceQuality "1"]
[TimeControl "40/5400+30:1800+30"]

1. e4 c5 2. Nf3 e6 3. d4 cxd4 4. Nxd4 Nc6 5. Nxc6 bxc6 6. Bd3 d5 7. O-O Nf6 8. Nd2 Be7 9. b3 a5 10. a4 O-O 11. Bb2 Ba6 12. e5 Nd7 13. Bxa6 Rxa6 14. Qg4 Re8 15. Rae1 Bc5 16. Kh1 Nf8 17. f4 g6 18. Nf3 Be7 19. Re2 c5 20. h4 f5 21. exf6 Bxf6 22. Bxf6 Qxf6 23. Ne5 Qg7 24. Rfe1 h5 25. Qh3 d4 26. g4 hxg4 27. Qxg4 Re7 28. Rg2 Kh7 29. Reg1 Qh6 30. h5 Rg7 31. Qh4 Kh8 32. Nxg6+ Nxg6 33. Rxg6 Rxg6 34. Rxg6 Qf8 35. Qg5 Ra7 36. Rxe6 Rg7 37. Rg6 Rxg6 38. hxg6 Kg7 39. f5 Qa8+ 40. Kg1 Qf8 41. Qh5 Qf6 42. Kf2 Kf8 43. Qh6+ Ke8 44. Qf4 Kd7 45. Qg4 Qe5 46. f6+ Kd8 47. f7 Qe3+ 48. Kg2 Qd2+ 49. Kh3 Qe3+ 50. Qg3 Qe6+ 51. Kh4 Qe4+ 52. Kh5 Qe2+ 53. Kh6 Ke7 54. Qc7+ Ke6 55. Qc8+ Kd5 56. Qd7+ Ke4 57. Qe6+ Kf3 58. Qxe2+ Kxe2 59. f8=Q d3 60. cxd3 Kxd3 61. g7 1-0

[Event "WYCC 2018 G14"]
[Site "Halkidiki"]
[Date "2018.10.27"]
[Round "8"]
[White "Tamrazyan, Gohar"]
[Black "Vuong, Quynh Anh"]
[Result "0-1"]
[ECO "A05"]
[WhiteElo "1824"]
[BlackElo "1747"]
[Annotator "NA"]
[PlyCount "102"]
[EventDate "2018.10.20"]
[EventType "swiss"]
[EventCountry "GRE"]
[SourceTitle "playchess.com"]
[Source "ChessBase"]
[SourceQuality "1"]
[TimeControl "40/5400+30:1800+30"]

1. Nf3 Nf6 2. e3 g6 3. b4 Bg7 4. Bb2 d5 5. c4 Bf5 6. cxd5 Qxd5 7. Nc3 Qd8 8. Nd4 Bg4 9. Be2 Bxe2 10. Qxe2 c6 11. O-O O-O 12. f4 Qd6 13. a3 e5 14. fxe5 Qxe5 15. Nf3 Qe7 16. d4 Ne4 17. Nxe4 Qxe4 18. Nd2 Qd5 19. Kh1 Qd6 20. Nc4 Qe7 21. e4 Nd7 22. Rae1 Nb6 23. Nxb6 axb6 24. e5 Rad8 25. Qc4 Rd5 26. Qb3 Rfd8 27. Re3 R8d7 28. Rfe1 Qe6 29. Qc2 Re7 30. Qc3 Qd7 31. Rf1 Qc7 32. Qb3 Qd8 33. Ref3 Red7 34. Qe3 Qe8 35. Qf2 c5 36. bxc5 bxc5 37. Rd1 cxd4 38. Bxd4 Bxe5 39. Rfd3 Bxd4 40. Rxd4 Rxd4 41. Rxd4 Rxd4 42. Qxd4 Qe1+ 43. Qg1 Qxg1+ 44. Kxg1 f5 45. Kf2 Kf7 46. Ke3 Ke6 47. Kf4 Kf6 48. h3 g5+ 49. Kf3 Ke5 50. g3 Kd4 51. h4 h6 0-1

[Event "WYCC 2018 G14"]
[Site "Halkidiki"]
[Date "2018.10.27"]
[Round "8"]
[White "Brunner, Sophia"]
[Black "Toncheva, Nadya"]
[Result "1/2-1/2"]
[ECO "D20"]
[WhiteElo "1812"]
[BlackElo "2002"]
[Annotator "NA"]
[PlyCount "77"]
[EventDate "2018.10.20"]
[EventType "swiss"]
[EventCountry "GRE"]
[SourceTitle "playchess.com"]
[Source "ChessBase"]
[SourceQuality "1"]
[TimeControl "40/5400+30:1800+30"]

1. d4 d5 2. c4 dxc4 3. e4 e5 4. Nf3 Bb4+ 5. Bd2 Bxd2+ 6. Qxd2 exd4 7. Bxc4 Nc6 8. O-O Nge7 9. Na3 Bg4 10. Bxf7+ Kxf7 11. Qf4+ Bf5 12. exf5 h6 13. Rad1 Nd5 14. Qg4 Rf8 15. Nxd4 Nxd4 16. Rxd4 c6 17. Nc4 Qc7 18. Re1 Kg8 19. a3 b5 20. Ne3 Rae8 21. Red1 Nxe3 22. fxe3 Qe5 23. e4 Re7 24. R1d2 a5 25. Qg3 Qc5 26. Qc3 Qb6 27. Kf1 Qc7 28. g3 Rfe8 29. Rd6 Rxe4 30. Qxc6 Re1+ 31. Kf2 Qa7+ 32. Qb6 Qe7 33. Re6 Rxe6 34. fxe6 Qf6+ 35. Kg2 Qxe6 36. Qxe6+ Rxe6 37. Kf3 Kf7 38. Rd5 Rb6 39. Ke4 1/2-1/2

[Event "WYCC 2018 G14"]
[Site "Halkidiki"]
[Date "2018.10.27"]
[Round "8"]
[White "Kouta, Antonia"]
[Black "Zaritovskaja, Margarita"]
[Result "1/2-1/2"]
[ECO "B54"]
[WhiteElo "1812"]
[BlackElo "1731"]
[Annotator "NA"]
[PlyCount "86"]
[EventDate "2018.10.20"]
[EventType "swiss"]
[EventCountry "GRE"]
[SourceTitle "playchess.com"]
[Source "ChessBase"]
[SourceQuality "1"]
[TimeControl "40/5400+30:1800+30"]

1. e4 c5 2. Nf3 d6 3. d4 cxd4 4. Nxd4 Nf6 5. f3 a6 6. c4 e6 7. Nc3 Be7 8. Be3 Nc6 9. Be2 O-O 10. O-O Bd7 11. Qd2 Rc8 12. Rfc1 Nxd4 13. Bxd4 Bc6 14. b4 b6 15. a4 Bb7 16. Rcb1 d5 17. e5 Nd7 18. cxd5 exd5 19. f4 Qc7 20. Bg4 Rcd8 21. Qe3 Bc5 22. Ne2 Bxd4 23. Nxd4 Rfe8 24. Qh3 Nf8 25. Rc1 Qe7 26. Rab1 g6 27. Nc6 Bxc6 28. Rxc6 h5 29. Be2 Ne6 30. Qe3 d4 31. Qe4 d3 32. Bxd3 Nxf4 33. Qxf4 Rxd3 34. Rf1 Rd7 35. Re1 Rc7 36. Rxb6 Rb7 37. Rxb7 Qxb7 38. a5 Qd5 39. h3 Qe6 40. Rf1 Re7 41. Qf6 Qxe5 42. Qxe5 Rxe5 43. Kf2 Rb5 1/2-1/2

[Event "WYCC 2018 G14"]
[Site "Halkidiki"]
[Date "2018.10.27"]
[Round "8"]
[White "Sleurs, Juliette"]
[Black "Ziegenfuss, Antonia"]
[Result "0-1"]
[ECO "B40"]
[WhiteElo "1812"]
[BlackElo "1969"]
[Annotator "NA"]
[PlyCount "60"]
[EventDate "2018.10.20"]
[EventType "swiss"]
[EventCountry "GRE"]
[SourceTitle "playchess.com"]
[Source "ChessBase"]
[SourceQuality "1"]
[TimeControl "40/5400+30:1800+30"]

1. e4 c5 2. Nf3 e6 3. d3 Nc6 4. Nbd2 Nf6 5. g3 d5 6. Bg2 Be7 7. O-O b6 8. Re1 Bb7 9. c3 h6 10. h4 Qc7 11. a3 dxe4 12. dxe4 Nd7 13. Qe2 O-O 14. Nf1 Rfd8 15. e5 a5 16. Bf4 Ba6 17. Qc2 Rac8 18. Ne3 c4 19. Nf5 Nc5 20. Nxe7+ Nxe7 21. Be3 Nd3 22. Re2 Bb7 23. Ne1 Bxg2 24. Kxg2 Qb7+ 25. Kh2 Nxe5 26. Bxb6 Ng4+ 27. Kh3 Qh1+ 28. Kxg4 f5+ 29. Kh5 Qh3 30. Re4 Kh7 0-1

[Event "WYCC 2018 G14"]
[Site "Halkidiki"]
[Date "2018.10.27"]
[Round "8"]
[White "Obada, Ema"]
[Black "Maciulaityte, Barbora"]
[Result "1/2-1/2"]
[ECO "B23"]
[WhiteElo "1811"]
[BlackElo "1715"]
[Annotator "NA"]
[PlyCount "97"]
[EventDate "2018.10.20"]
[EventType "swiss"]
[EventCountry "GRE"]
[SourceTitle "playchess.com"]
[Source "ChessBase"]
[SourceQuality "1"]
[TimeControl "40/5400+30:1800+30"]

1. e4 c5 2. Nc3 d6 3. Bb5+ Bd7 4. a4 Nc6 5. d3 g6 6. f4 Bg7 7. Nf3 e6 8. O-O Nge7 9. Be3 a6 10. Bc4 O-O 11. d4 cxd4 12. Nxd4 Qb6 13. Nce2 Nxd4 14. Bxd4 Bxd4+ 15. Qxd4 Qxd4+ 16. Nxd4 Rac8 17. Bb3 Nc6 18. Nxc6 Bxc6 19. Rfe1 Rfd8 20. Rad1 Kf8 21. Rd3 d5 22. e5 h5 23. Rd4 Rd7 24. Kf2 Rdc7 25. Ke3 b5 26. a5 Bb7 27. g3 Rc5 28. h3 Ke7 29. Rg1 Rh8 30. Rf1 Ba8 31. c3 Rcc8 32. Kf3 Rcg8 33. Ke3 Rc8 34. Rf2 Bc6 35. Bc2 Bb7 36. Rd1 Rc4 37. Bd3 Rcc8 38. Be2 Rb8 39. Rd4 Rbc8 40. Bf1 Kd7 41. g4 hxg4 42. hxg4 Ke7 43. f5 gxf5 44. gxf5 Rh5 45. Rdf4 Rf8 46. Kd4 Bc8 47. fxe6 Bxe6 48. Bd3 Rc8 49. Be2 1/2-1/2

[Event "WYCC 2018 G14"]
[Site "Halkidiki"]
[Date "2018.10.27"]
[Round "8"]
[White "Jaufarally, Nadia"]
[Black "He, Emma"]
[Result "1-0"]
[ECO "C50"]
[WhiteElo "1810"]
[BlackElo "1674"]
[Annotator "NA"]
[PlyCount "133"]
[EventDate "2018.10.20"]
[EventType "swiss"]
[EventCountry "GRE"]
[SourceTitle "playchess.com"]
[Source "ChessBase"]
[SourceQuality "1"]
[TimeControl "40/5400+30:1800+30"]

1. e4 e5 2. Nf3 Nc6 3. Bc4 Nf6 4. d3 Bc5 5. O-O a6 6. c3 d6 7. h3 h6 8. Re1 O-O 9. Bb3 Be6 10. Nbd2 Ba7 11. Nf1 Ne7 12. Ng3 Ng6 13. Be3 Re8 14. Bxa7 Rxa7 15. d4 Ra8 16. Qc2 Nh7 17. Rad1 Ng5 18. Re3 Qf6 19. Bxe6 fxe6 20. Ne2 Rf8 21. Rf1 Nf4 22. Nxf4 exf4 23. Ree1 Nxf3+ 24. gxf3 Qh4 25. Kh2 Kh8 26. Rg1 h5 27. Rg2 g5 28. Reg1 Rg8 29. Qa4 Rg6 30. Qd7 Rag8 31. Qe7 R8g7 32. Qd8+ Kh7 33. Rh1 Rf7 34. Qe8 Rgg7 35. Kg1 Re7 36. Qb8 d5 37. Qxb7 c5 38. Qb6 dxe4 39. Rg4 hxg4 40. hxg4 Qxh1+ 41. Kxh1 e3 42. Qxc5 exf2 43. Kg2 Rb7 44. b3 Rbc7 45. Qe5 Rxc3 46. Qxe6 Rgc7 47. Qf5+ Kh6 48. Kxf2 Rc2+ 49. Ke1 Rxa2 50. Kd1 Rc3 51. Qf6+ Kh7 52. Qf7+ Kh6 53. Qh5+ Kg7 54. Qxg5+ Kh7 55. Qxf4 Ra1+ 56. Kd2 Rac1 57. Qf7+ Kh8 58. Qf8+ Kh7 59. Qf5+ Kh8 60. g5 Rc7 61. f4 R1c6 62. d5 Rc5 63. Qe5+ Kh7 64. Qe4+ Kh8 65. f5 a5 66. g6 a4 67. f6 1-0

[Event "WYCC 2018 G14"]
[Site "Halkidiki"]
[Date "2018.10.27"]
[Round "8"]
[White "Zeng, Sheena"]
[Black "Rodriguez Redondo, Adhara"]
[Result "1-0"]
[ECO "D31"]
[WhiteElo "1807"]
[BlackElo "1911"]
[Annotator "NA"]
[PlyCount "75"]
[EventDate "2018.10.20"]
[EventType "swiss"]
[EventCountry "GRE"]
[SourceTitle "playchess.com"]
[Source "ChessBase"]
[SourceQuality "1"]
[TimeControl "40/5400+30:1800+30"]

1. d4 d5 2. c4 e6 3. Nc3 Be7 4. Nf3 Nf6 5. cxd5 exd5 6. Qc2 O-O 7. Bf4 c6 8. e3 Nbd7 9. Bd3 Re8 10. h3 Nf8 11. O-O Ne6 12. Bh2 g6 13. Rab1 Ng7 14. b4 {[%emt 0:02:54] LiveBook: 3 Games} a6 $14 15. Na4 Bf5 16. Nc5 Qc8 17. Bxf5 Nxf5 18. a4 Nd6 19. Bxd6 Bxd6 20. Rfc1 Re7 21. Qb2 Nh5 22. b5 axb5 23. axb5 f5 24. Qb3 f4 25. e4 Bxc5 26. Rxc5 Rxe4 27. Rbc1 Re6 28. Ne5 Nf6 29. bxc6 bxc6 30. Rxc6 Qe8 31. Kh2 Rd8 32. Qb7 Re7 33. Rc7 Rxc7 34. Rxc7 Rb8 35. Qa6 Nh5 36. Ng4 Ra8 37. Qb7 Rd8 38. Nh6+ 1-0

[Event "WYCC 2018 G14"]
[Site "Halkidiki"]
[Date "2018.10.27"]
[Round "8"]
[White "Zeliantsova, Kseniya"]
[Black "Ehsani, Yassamin"]
[Result "1-0"]
[ECO "B40"]
[WhiteElo "1804"]
[BlackElo "1875"]
[Annotator "NA"]
[PlyCount "57"]
[EventDate "2018.10.20"]
[EventType "swiss"]
[EventCountry "GRE"]
[SourceTitle "playchess.com"]
[Source "ChessBase"]
[SourceQuality "1"]
[TimeControl "40/5400+30:1800+30"]

1. e4 c5 2. Nf3 e6 3. c4 Nc6 4. Nc3 Nge7 5. d4 cxd4 6. Nxd4 Nxd4 7. Qxd4 Nc6 8. Qd3 Bc5 9. Be2 O-O 10. O-O d6 11. Qg3 Kh8 12. Bg5 f6 13. Be3 Nd4 14. Bd3 e5 15. Rad1 Be6 16. Ne2 Nc6 17. b3 Qa5 18. Bb1 Rfd8 19. Kh1 a6 20. f4 Qb6 21. Rf3 a5 22. f5 Bg8 23. Nc3 Nd4 24. Bxd4 Bxd4 25. Nb5 d5 26. exd5 Bxd5 27. Rfd3 Bf2 28. Qg4 Bg8 29. Rd7 1-0

[Event "WYCC 2018 G14"]
[Site "Halkidiki"]
[Date "2018.10.27"]
[Round "8"]
[White "Somton, Anita"]
[Black "Pandey, Divya"]
[Result "1/2-1/2"]
[ECO "C50"]
[WhiteElo "1787"]
[BlackElo "1523"]
[Annotator "NA"]
[PlyCount "45"]
[EventDate "2018.10.20"]
[EventType "swiss"]
[EventCountry "GRE"]
[SourceTitle "playchess.com"]
[Source "ChessBase"]
[SourceQuality "1"]
[TimeControl "40/5400+30:1800+30"]

1. e4 e5 2. Bc4 Nc6 3. Nf3 Bc5 4. O-O Nf6 5. d3 O-O 6. c3 d5 7. exd5 Nxd5 8. b4 Be7 9. b5 Na5 10. Nxe5 Nxc4 11. Nxc4 a6 12. bxa6 Rxa6 13. d4 Bf5 14. Bb2 Rg6 15. Ne5 Rb6 16. Qf3 Bc2 17. Nc4 Rf6 18. Qe2 Bf5 19. Ne3 Nf4 20. Qd2 Bd3 21. Re1 Rg6 22. Na3 Bh4 23. g3 1/2-1/2

[Event "WYCC 2018 G14"]
[Site "Halkidiki"]
[Date "2018.10.27"]
[Round "8"]
[White "Murzina, Agata"]
[Black "Wang, Isabelle"]
[Result "1-0"]
[ECO "C50"]
[WhiteElo "1768"]
[BlackElo "1416"]
[Annotator "NA"]
[PlyCount "117"]
[EventDate "2018.10.20"]
[EventType "swiss"]
[EventCountry "GRE"]
[SourceTitle "playchess.com"]
[Source "ChessBase"]
[SourceQuality "1"]
[TimeControl "40/5400+30:1800+30"]

1. e4 e5 2. Nf3 Nc6 3. Bc4 Bc5 4. d3 Nf6 5. Nc3 O-O 6. Bg5 Be7 7. Bxf6 Bxf6 8. Nd5 d6 9. a3 Be6 10. Nxf6+ Qxf6 11. Bxe6 fxe6 12. O-O Ne7 13. Qd2 h6 14. Qc3 Rac8 15. Rfe1 Ng6 16. Re3 Nf4 17. Qb3 Rb8 18. Rd1 Qg6 19. g3 Ne2+ 20. Rxe2 Rxf3 21. Qc4 Qf7 22. Kg2 Rf6 23. Rdd2 Kh7 24. c3 Qd7 25. d4 exd4 26. cxd4 Rff8 27. Rc2 c6 28. e5 d5 29. Qc5 a6 30. a4 Qf7 31. Rc3 Qf5 32. Qa3 Qg6 33. b4 Qg4 34. Rd2 Qg5 35. Qb2 Qe7 36. Rdc2 Rfc8 37. Rc1 Kh8 38. b5 axb5 39. axb5 Qd7 40. Qc2 c5 41. Rxc5 Rxc5 42. Qxc5 Re8 43. b6 Qf7 44. Rc3 Rf8 45. f3 Re8 46. Qd6 Ra8 47. h4 Ra2+ 48. Kg1 Qf5 49. Qb4 Ra1+ 50. Kf2 Qh3 51. Rc8+ Kh7 52. Qc3 Qh2+ 53. Ke3 Qg1+ 54. Kf4 g5+ 55. hxg5 hxg5+ 56. Kg4 Ra4 57. Qc7+ Kg6 58. Rg8+ Kh6 59. Qg7# 1-0

[Event "WYCC 2018 G14"]
[Site "Halkidiki"]
[Date "2018.10.27"]
[Round "8"]
[White "Gabbani, Sara"]
[Black "Galvan Cipriani, Viviana"]
[Result "0-1"]
[ECO "B23"]
[WhiteElo "1764"]
[BlackElo "2109"]
[Annotator "NA"]
[PlyCount "64"]
[EventDate "2018.10.20"]
[EventType "swiss"]
[EventCountry "GRE"]
[SourceTitle "playchess.com"]
[Source "ChessBase"]
[SourceQuality "1"]
[TimeControl "40/5400+30:1800+30"]

1. e4 c5 2. Nc3 Nc6 3. Nge2 e5 4. Nd5 g6 5. Nec3 a6 6. a4 Bg7 7. Bc4 Nge7 8. d3 Nxd5 9. Nxd5 O-O 10. O-O d6 $14 11. c3 Rb8 12. f4 b5 13. axb5 axb5 14. Ba2 exf4 15. Bxf4 Be6 16. Qd2 Qd7 17. Bg5 f5 18. exf5 Rxf5 19. Rxf5 gxf5 20. Rf1 Qf7 21. Bh6 Be5 22. c4 bxc4 23. dxc4 Rxb2 24. Qg5+ Qg6 25. Bb1 Bg7 26. Qxg6 hxg6 27. Bg5 Ne5 28. Nf6+ Kf7 29. Ne4 Nxc4 30. Bh4 Bd4+ 31. Kh1 Bd5 32. Ng5+ Kg8 0-1